Map: Central Protocol

Players

Grumm - Winner!

  • Race: Protoss Protoss
  • League: Gold

Kai

  • Race: Zerg Zerg
  • League: Gold

VOD

Have the link to the VOD?

Description

Time

  • Played on: Jan. 5, 2016, 4:01 p.m.
  • Length: 21:19
Show
View Real Time Build Order
Export as new Build Order

Grumm Protoss - Winner!

Build Orders: Nexus First 

Get SALT Encoding   

  12  0:36  Nexus  
  12  0:40  Probe (Chrono Boost)  
  13  0:56  Pylon  
  13  0:59  Probe (Chrono Boost)  
  14  1:10  Probe (Chrono Boost)  
  15  1:14  Gateway  
  15  1:20  Probe (Chrono Boost)  
  16  1:28  Forge  
  16  1:31  Probe (Chrono Boost)  
  17  1:42  Probe (Chrono Boost)  
  17  1:44  Assimilator  
  18  1:52  Gateway  
  18  2:00  Pylon  
  18  2:09  Photon Cannon  
  18  2:11  Probe (Chrono Boost)  
  19  2:23  Cybernetics Core  
  19  2:30  Pylon  
  19  2:43  Photon Cannon  
  18  2:54  Probe x2 (Chrono Boost)  
  17  2:59  Zealot  
  17  3:11  Probe (Chrono Boost)  
  18  3:15  Zealot  
  18  3:18  Probe (Chrono Boost)  
  21  3:22  Probe (Chrono Boost)  
  22  3:27  Pylon  
  22  3:35  Adept  
  22  3:38  Probe (Chrono Boost)  
  25  3:49  Assimilator  
  25  3:52  Probe (Chrono Boost)  
  25  3:53  Probe (Chrono Boost)  
  27  4:05  Probe x2 (Chrono Boost)  
  27  4:06  Pylon  
  29  4:14  Adept  
  31  4:18  Probe (Chrono Boost)  
  31  4:21  Mothership Core (Chrono Boost)  
  34  4:35  Pylon  
  34  4:37  Pylon  
  34  4:49  Pylon  
  34  4:55  Photon Cannon  
  28  5:18  Gateway, Photon Cannon  
  28  5:20  Probe (Chrono Boost)  
  28  5:21  Probe (Chrono Boost)  
  30  5:24  Warp Gate (Chrono Boost)  
  28  5:28  Assimilator  
  28  5:29  Assimilator, Probe  
  28  5:32  Probe  
  30  5:40  Probe  
  31  5:44  Probe  
  32  5:50  Probe  
  32  5:55  Zealot x2  
  32  5:56  Probe  
  38  6:01  Probe  
  39  6:08  Probe  
  40  6:11  Probe  
  40  6:14  Stargate  
  40  6:15  Stargate  
  41  6:20  Probe  
  42  6:32  Probe, Stalker x2  
  46  6:34  Probe  
  46  6:38  Adept  
  50  6:53  Protoss Ground Weapons Level 1  
  44  7:15  Stalker  
  52  7:23  Pylon  
  52  7:24  Pylon  
  50  7:34  Pylon  
  50  7:39  Pylon  
  50  7:40  Void Ray x2 (Chrono Boost)  
  49  7:46  Stalker  
  51  8:03  Stalker  
  51  8:10  Pylon  
  51  8:13  Pylon  
  51  8:22  Probe x2  
  51  8:34  Probe x2  
  51  8:35  Void Ray x2 (Chrono Boost)  
  61  8:43  Photon Cannon  
  61  8:46  Probe x2  
  63  8:58  Probe, Stalker x2  
  63  8:59  Probe  
  69  9:05  Photon Cannon  
  69  9:11  Probe x2  
  69  9:12  Nexus  
  71  9:23  Probe x2  
  73  9:33  Oracle x2 (Chrono Boost)  
  73  9:35  Probe x2  
  81  9:47  Probe  
  78  10:09  Zealot x3  
  78  10:11  Protoss Ground Armor Level 1  
  78  10:12  Probe x2  
  86  10:15  Void Ray x2 (Chrono Boost)  
  86  10:19  Pylon  
  94  10:45  Pylon  
  91  10:55  Probe x2  
  84  10:58  Void Ray x2 (Chrono Boost)  
  78  11:05  Twilight Council  
  78  11:07  Pylon  
  78  11:11  Gateway  
  78  11:14  Pylon, Probe x2  
  78  11:15  Probe  
  81  11:21  Zealot x3  
  87  11:26  Probe  
  86  11:37  Probe  
  85  11:42  Zealot x3  
  91  11:47  Probe  
  92  11:57  Photon Cannon  
  92  11:58  Probe  
  92  12:00  Photon Cannon  
  93  12:03  Dark Shrine  
  93  12:08  Probe  
  93  12:11  Protoss Ground Weapons Level 2  
  94  12:18  Void Ray x2 (Chrono Boost)  
  94  12:19  Probe  
  103  12:28  Photon Cannon  
  103  12:29  Probe  
  103  12:30  Photon Cannon  
  103  12:31  Pylon  
  103  12:36  Assimilator  
  104  12:50  Assimilator  
  104  12:56  Zealot  
  106  13:20  Dark Templar x4  
  106  13:21  Nexus  
  114  13:27  Pylon  
  114  13:37  Void Ray x2 (Chrono Boost)  
  122  13:44  Gateway  
  122  13:46  Pylon  
  122  13:58  Dark Templar x4  
  128  14:03  Archon x2  
  128  14:11  Protoss Air Weapons Level 1  
  128  14:13  Charge  
  128  14:19  Gateway  
  128  14:20  Gateway  
  128  14:23  Gateway x2  
  128  14:32  Dark Templar x2  
  128  14:33  Dark Templar x2  
  128  14:36  Archon x2  
  136  14:44  Mothership Core  
  136  14:46  Pylon, Photon Cannon  
  138  14:53  Pylon  
  138  14:54  Pylon  
  138  14:57  Pylon  
  138  14:59  Probe  
  138  15:00  Probe x2  
  138  15:04  Probe  
  138  15:06  Dark Templar  
  138  15:07  Dark Templar x4  
  152  15:17  Assimilator  
  152  15:19  Assimilator  
  137  15:43  Stalker  
  137  15:44  Stalker x6  
  137  15:45  Stalker  
  153  15:50  Pylon  
  153  15:54  Dark Templar  
  134  16:25  Stalker x5  
  136  16:26  Stalker x3  
  146  16:36  Void Ray (Chrono Boost)  
  110  17:16  Dark Templar x3  
  110  17:17  Dark Templar x2  
  92  17:51  Zealot x4  
  88  17:52  Zealot x4  
  94  18:25  Zealot x3  
  87  18:49  Photon Cannon  
  87  18:52  Photon Cannon  
  87  18:54  Photon Cannon  
  87  18:57  Photon Cannon  
  87  18:59  Photon Cannon  
  87  19:01  Dark Templar  
  87  19:02  Pylon, Dark Templar x3  
  95  19:04  Dark Templar  
  95  19:07  Pylon  
  94  19:26  Dark Templar  
  94  19:29  Zealot x2  
  100  19:40  Zealot  
  100  19:41  Zealot  
  104  20:05  Zealot x3  
  110  20:17  Gateway  
  110  20:22  Pylon  
Show
View Real Time Build Order
Export as new Build Order

Kai Zerg 

Build Orders: Pool First 

Get SALT Encoding   

  12  0:18  Spawning Pool  
  11  0:22  Drone  
  11  0:26  Drone  
  13  0:31  Drone  
  14  0:40  Overlord  
  14  0:47  Extractor  
  14  0:48  Drone  
  14  1:04  Queen  
  14  1:06  Zergling x2  
  14  1:07  Zergling x2  
  18  1:15  Zergling x2  
  19  1:26  Zergling x2  
  21  1:40  Zergling x2  
  21  1:58  Hatchery  
  20  2:10  Zergling x4  
  20  2:11  Metabolic Boost  
  20  2:12  Overlord  
  21  2:52  Zergling x4  
  21  2:54  Drone x2  
  21  2:55  Drone x2  
  26  3:17  Drone x2  
  28  3:25  Zergling x4  
  30  3:28  Queen  
  30  3:30  Overlord  
  32  3:37  Zergling x2  
  33  3:48  Zergling x6  
  36  3:53  Drone  
  37  3:58  Roach Warren, Extractor  
  35  4:11  Drone x2  
  35  4:15  Drone x2  
  35  4:16  Drone  
  40  4:18  Extractor  
  40  4:20  Drone x3  
  41  4:37  Drone x2  
  43  4:42  Overlord  
  43  4:46  Overlord x2  
  43  4:47  Overlord  
  43  4:52  Extractor  
  42  4:53  Roach  
  42  4:58  Lair  
  38  5:15  Drone x3  
  38  5:21  Drone  
  41  5:28  Roach x3  
  46  5:32  Roach x3  
  52  5:41  Roach  
  54  5:43  Drone  
  54  5:46  Drone x3  
  58  5:55  Roach  
  60  6:00  Roach  
  62  6:05  Roach x2  
  62  6:06  Glial Reconstitution, Roach  
  68  6:12  Overlord  
  68  6:17  Overseer  
  68  6:27  Drone, Spine Crawler  
  69  6:54  Roach x4  
  72  7:12  Roach  
  68  7:33  Roach x2  
  68  7:34  Roach x2  
  74  7:37  Drone x2  
  68  8:08  Roach x5  
  68  8:11  Spore Crawler  
  75  8:14  Drone  
  75  8:16  Spore Crawler  
  75  8:18  Spore Crawler x2  
  71  8:33  Queen  
  69  8:34  Queen  
  71  8:47  Spore Crawler x2  
  71  8:48  Drone x7  
  73  8:50  Overlord  
  76  8:58  Overlord  
  76  8:59  Overlord x3  
  76  9:04  Spore Crawler  
  76  9:06  Spore Crawler  
  74  9:10  Queen  
  74  9:13  Hydralisk Den  
  75  9:31  Hatchery  
  74  9:36  Drone x2  
  74  9:37  Drone x3  
  74  9:38  Hatchery  
  78  9:41  Drone x5  
  78  9:44  Muscular Augments  
  81  10:01  Hydralisk x3  
  81  10:04  Hydralisk x4  
  93  10:14  Drone x3  
  93  10:16  Evolution Chamber  
  93  10:20  Drone x4  
  93  10:21  Evolution Chamber  
  98  10:36  Hatchery  
  98  10:37  Hydralisk x2  
  98  10:38  Hydralisk x2  
  105  10:47  Spore Crawler  
  102  10:53  Roach  
  94  11:07  Drone x6  
  100  11:13  Drone x3  
  100  11:15  Overlord  
  100  11:16  Drone  
  100  11:17  Drone  
  105  11:23  Hydralisk  
  95  11:42  Hydralisk  
  95  11:43  Hydralisk x4  
  93  11:51  Spore Crawler  
  93  11:53  Drone x3  
  93  11:58  Spore Crawler x2, Hydralisk x2  
  93  11:59  Spore Crawler, Hydralisk  
  90  12:15  Drone x3, Spine Crawler  
  91  12:17  Spine Crawler, Spore Crawler  
  91  12:18  Spine Crawler  
  91  12:19  Drone x2  
  91  12:20  Spine Crawler  
  90  12:29  Hydralisk x4  
  94  12:33  Zerg Missile Weapons Level 1  
  94  12:34  Hydralisk  
  94  12:35  Hydralisk  
  102  12:40  Hydralisk x2  
  106  12:51  Spine Crawler  
  106  12:52  Drone x3  
  106  12:56  Drone x3  
  106  12:58  Spine Crawler  
  110  13:03  Spore Crawler, Hydralisk x2  
  113  13:08  Overseer  
  113  13:11  Drone  
  114  13:16  Drone  
  114  13:18  Drone  
  114  13:19  Drone x3  
  119  13:21  Hydralisk x2  
  119  13:22  Hydralisk x2  
  127  13:33  Hydralisk x3  
  133  13:40  Roach x2  
  133  13:41  Roach x2  
  141  13:42  Overlord x4  
  141  13:45  Zerg Ground Armor Level 1  
  135  14:04  Drone x3  
  135  14:05  Spine Crawler  
  135  14:08  Spine Crawler, Overseer x3  
  136  14:13  Drone, Overseer  
  136  14:14  Drone x4  
  136  14:16  Spine Crawler  
  140  14:20  Spine Crawler, Hydralisk  
  140  14:21  Hydralisk x4  
  140  14:22  Hydralisk  
  151  14:24  Hydralisk  
  153  14:34  Drone x2  
  153  14:35  Queen  
  157  14:44  Zerg Missile Weapons Level 2  
  157  14:47  Roach x4  
  157  14:48  Roach  
  157  14:49  Roach x3  
  157  14:51  Overlord  
  167  15:49  Roach x3  
  173  15:50  Roach x3  
  177  16:15  Zergling x2  
  177  16:16  Zergling x4  
  134  16:20  Roach x2  
  134  16:21  Roach  
  134  16:23  Hydralisk x4  
  134  16:24  Hydralisk x2  
  134  16:25  Hydralisk x2  
  130  16:26  Hydralisk x6  
  144  16:34  Zergling x2, Extractor  
  144  16:35  Zergling x10, Extractor  
  144  16:37  Zergling x2  
  149  16:41  Zergling x4, Spore Crawler  
  149  16:42  Spore Crawler  
  149  16:44  Spore Crawler  
  110  17:13  Roach x5  
  110  17:14  Roach x3  
  110  17:15  Roach x3  
  111  17:17  Zergling x2  
  111  17:18  Zergling x8  
  111  17:19  Zergling x2  
  111  17:20  Zergling x10  
  98  17:23  Zergling x2  
  97  17:32  Roach  
  97  17:33  Roach x2  
  95  17:51  Zergling x4  
  91  17:52  Zergling x6  
  91  17:57  Roach  
  91  17:58  Roach x4  
  92  17:59  Roach x3  
  92  18:05  Spine Crawler  
  91  18:07  Spine Crawler  
  68  18:22  Zergling x2  
  68  18:23  Zergling x10  
  68  18:29  Lair, Spawning Pool  
  49  19:32  Drone x3  
  49  19:33  Drone x5  
  57  19:40  Spine Crawler  
  57  19:42  Spine Crawler  
  55  19:46  Spine Crawler  
  45  20:19  Drone x2, Hatchery  
  45  20:20  Drone  
  39  20:36  Drone x3  
  42  21:07  Spire  
Tags
 
Add a new tag
Caveats
  • Supply blocks, unpowered buildings, or Contaminate may cause inaccurate times.
  • Supply counts are checked every 10 seconds.